 Dungeon Crawl Stone Soup version 0.32-a0-18-g89e19f1974 (webtiles) character file.

Game seed: 1483566771847469157

1699 Gargoyl the Chopper (level 9, 0/55 HPs)
             Began as a Gargoyle Berserker on Jan 16, 2024.
             Was a Believer of Trog.
             Slain by Maggie
             ... wielding a +1 glaive of flaming
              (5 damage)
             ... on level 6 of the Dungeon.
             The game lasted 00:08:24 (6176 turns).

Gargoyl the Chopper (Gargoyle Berserker)            Turns: 6176, Time: 00:08:25

Health: 0/55       AC: 19    Str: 19 (21) XL:     9   Next: 3%
Magic:  9/9        EV:  7    Int:  7 (8)  God:    Trog [**....]
Gold:   367        SH:  8    Dex: 13      Spells: 8/8 levels left

rFire   . . .        t - +0 broad axe
rCold   . . .        u - +0 kite shield
rNeg    + . .        g - +0 storm dragon scales
rPois   ∞            (no helmet)
rElec   +            (no cloak)
rCorr   .            (no gloves)
SInv    .            (no boots)
Will    .....        s - amulet of regeneration Stlth
                     (no ring)
HPRegen 1.09/turn    (no ring)
MPRegen 0.11/turn

%: no passive effects
@: on berserk cooldown, slowed, studying Armour, very slow
A: sickness immunity, AC +6, negative energy resistance 1, electricity
resistance, torment resistance 1, petrification resistance
a: Renounce Religion, Berserk, Trog's Hand


You were on level 6 of the Dungeon.
You worshipped Trog.
Trog was pleased with you.
You visited 1 branch of the dungeon, and saw 6 of its levels.
You also visited: Sewer.

You collected 367 gold pieces.

Inventory:

Hand Weapons
 a - a +1 hand axe
 l - a +0 spear
 t - a +0 broad axe (weapon)
Armour
 g - +0 storm dragon scales (worn)
 u - a +0 kite shield (worn)
Jewellery
 s - an amulet of regeneration (around neck)
 v - a +6 ring of dexterity
Wands
 h - a wand of polymorph (15)
 m - a wand of iceblast (7)
 o - a wand of flame (24)
 p - a wand of mindburst (7)
 r - a wand of digging (8)
 w - a wand of quicksilver (5)
Scrolls
 d - 6 scrolls of teleportation
 f - a scroll of fog
 k - 3 scrolls of identify
 n - a scroll of immolation
 q - a scroll of revelation {unknown}
Potions
 b - a potion of enlightenment
 c - a potion of attraction
 e - 2 potions of degeneration
 j - 2 potions of lignification
 x - a potion of curing


   Skills:
 + Level 6.0 Fighting
 + Level 7.7 Axes
 + Level 6.5 Armour
 + Level 2.8 Dodging
 + Level 1.7 Stealth
 + Level 1.2 Shields


You had 8 spell levels left.
You didn't know any spells.
Your spell library was empty.

Dungeon Overview and Level Annotations

Branches:
Dungeon (6/15)              Sewer (visited)
 Temple: D:4-7

Altars:
Cheibriados
Fedhas
Makhleb
Trog
Zin

Shops:
D:6 =

Annotations:
D:6 2 transporters, Maggie


Innate Abilities, Weirdness & Mutations

You are immune to sickness and miasma.
Your stone body is resilient. (AC +6)
You are immune to poison.
You resist negative energy. (rN+)
You are resistant to electric shocks. (rElec)
You are resistant to unholy torment.
You are immune to petrification.


Message History

Maggie hits you but does no damage.
You slash Maggie!
Maggie is severely wounded.
You closely miss Maggie.
Maggie is severely wounded.
Maggie barely misses you.
You closely miss Maggie.
Maggie is severely wounded.
You feel the effects of Trog's Hand fading.
Maggie barely misses you.
You barely miss Maggie.
Maggie is severely wounded.
You are no longer berserk.
You are exhausted.
You feel yourself slow down.
Maggie mumbles some strange words.
Maggie attempts to bespell you! You resist with almost no effort.
You slash Maggie!
Maggie is almost dead.
Maggie closely misses you.
Maggie mumbles some strange words.
Maggie attempts to bespell you! You resist with almost no effort.
Unknown command.
You hit Maggie.
Maggie is almost dead.
Your skin stops crawling.
You feel less strong-willed.
Maggie shouts, "Leave me alone!"
Maggie completely misses you.
Maggie points at you and mumbles some strange words.
The bolt of fire hits you!!
Ouch! That really hurt!
Maggie casts a spell.
Maggie attempts to bespell you!
You easily resist.
You closely miss Maggie.
Maggie is almost dead.
Maggie points at you and mumbles some strange words.
The bolt of fire hits you!!
* * * LOW HITPOINT WARNING * * *
Maggie hits you with a +1 glaive of flaming.
You die...

.##.#########
..#8P.©.P8# P././.P#
#### ###+#### ...#
K≈...≈!# #..# 5≈...≈.#
#..# ≈~~~≈K# #
###@.###.# ≈~♣~≈o#
#.#..@.....#.#5≈~~~≈5#
#.#.#..#####.#o≈...≈o#
#.#.#..# #(#5≈...≈K#
#.#......# #.####+####
#.......## #.#~.?.[.P#
#####.### #.#8P$©$P8#
##.###### #.#########
#...#...# #.....©)...
#.#..# ####.....###


You could see Maggie.

Vanquished Creatures
  Grinder (D:4)
  Menkaure (D:5)
  A water moccasin (D:6)
  Pargi (Sewer)
  4 ogres
  A centaur (D:6)
  2 brain worms (Sewer)
  3 bombardier beetles (D:5)
  2 hounds
  2 orc priests
  An iguana (D:5)
  Ijyb (D:4)
  3 orc wizards
  7 gnolls (D:4)
  9 adders
  A white imp (D:6)
  5 ribbon worms
  8 dart slugs
  12 orcs
  16 ball pythons
  2 bats (D:1)
  12 endoplasms
  6 giant cockroaches
  13 goblins
  7 hobgoblins
  4 jackals (D:2)
  4 quokkas
  7 frilled lizards
  10 kobolds
  4 rats
150 creatures vanquished.

Notes
Turn   | Place    | Note
-------+----------+-------------------------------------------
     0 | D:1      | Gargoyl the Gargoyle Berserker began the quest for the Orb.
     0 | D:1      | Reached XP level 1. HP: 14/14 MP: 1/1
   124 | D:1      | Reached XP level 2. HP: 19/19 MP: 2/2
   227 | D:1      | Reached skill level 3 in Axes
   374 | D:1      | Reached XP level 3. HP: 21/24 MP: 3/3
   484 | D:1      | Reached ** piety under Trog
  1009 | D:2      | Reached XP level 4. HP: 29/29 MP: 4/4
  1477 | D:2      | Found a burning altar of Makhleb.
  1489 | D:2      | Reached skill level 4 in Axes
  1489 | D:2      | Reached XP level 5. HP: 33/33 MP: 5/5
  2238 | D:3      | Identified the +3 leather armour of the Dwarven Hall {*Slow
                  | Str+6 Stlth+}
  3041 | D:4      | Noticed Grinder
  3053 | D:4      | Killed Grinder
  3054 | D:4      | Reached skill level 1 in Stealth
  3054 | D:4      | Reached XP level 6. HP: 39/39 MP: 6/6
  3228 | D:4      | Reached skill level 5 in Axes
  3241 | D:4      | Reached XP level 7. HP: 39/44 MP: 7/7
  3437 | D:4      | Noticed Ijyb
  3449 | D:4      | Killed Ijyb
  3600 | D:4      | Found a bloodstained altar of Trog.
  4256 | D:5      | Entered Level 5 of the Dungeon
  4489 | D:5      | Reached skill level 6 in Axes
  4553 | D:5      | Found a snail-covered altar of Cheibriados.
  4559 | D:5      | Found a glowing silver altar of Zin.
  4564 | D:5      | Found a blossoming altar of Fedhas.
  4615 | D:5      | Reached skill level 5 in Fighting
  4615 | D:5      | Reached skill level 5 in Armour
  4615 | D:5      | Reached XP level 8. HP: 49/49 MP: 8/8
  4751 | D:5      | Noticed Menkaure
  4994 | D:5      | Killed Menkaure
  5420 | D:5      | HP: 1/50 [burnt (7)]
  5568 | D:6      | Identified a scroll of acquirement
  5568 | D:6      | Acquired a manual of Armour
  5617 | D:6      | Found Inimaisk's Jewellery Shoppe.
  5627 | D:6      | Reached skill level 7 in Axes
  5650 | D:6      | Found a glowing drain.
  5672 | Sewer    | Entered a sewer
  5739 | Sewer    | Noticed Pargi
  5749 | Sewer    | Killed Pargi
  6013 | D:6      | Found a transporter.
  6020 | D:6      | Noticed a kobold demonologist
  6020 | D:6      | Noticed a kobold demonologist
  6031 | D:6      | Found a transporter.
  6055 | D:6      | Reached skill level 1 in Shields
  6058 | D:6      | Reached XP level 9. HP: 55/55 MP: 9/9
  6156 | D:6      | Noticed Maggie
  6176 | D:6      | Slain by Maggie

Illustrated notes

Levels and vault maps discovered:
D:1:      ncdulo_smallfort, layout_basic, minmay_tetromino_s4
D:2:      wander_river, layout_rooms, basic_altar, grunt_ministairs_14,
          minmay_snake_closets
D:3:      layout_basic, hangedman_decor_slide_cut
D:4:      cheibrodos_pilgrimage, layout_layer_cave, lemuel_tele_altar,
          uniq_ijyb, uniq_grinder
D:5:      layout_basic, minmay_overflow_temple_star_quad, uniq_menkaure
D:6:      gammafunk_wand_slinger, layout_loops_corners,
          cheibrodos_sewer_entry_bend, serial_shops, shop, uniq_maggie

Skill      XL: |  1  2  3  4  5  6  7  8 |
---------------+-------------------------+-----
Axes           | 3 4 5 6 7 |  7.7
Dodging        | 2 |  2.8
Fighting       | 4 5 6 |  6.0
Armour         | 3 5 6 |  6.5
Stealth        | 1 |  1.7
Shields        | 1 |  1.2

Action                     |  1- 3 |  4- 6 |  7- 9 || total
---------------------------+-------+-------+-------++-------
  Melee: Hand axe          |   109 |   218 |    72 ||   399
         Broad axe         |       |       |   121 ||   121
         Punch             |       |       |     1 ||     1
 Invoke: Berserk           |       |     6 |    13 ||    19
         Trog's Hand       |       |     3 |     5 ||     8
    Use: Scroll            |     4 |     4 |     5 ||    13
         Potion            |     1 |       |     9 ||    10
   Stab: Sleeping          |     1 |       |       ||     1
 Armour: Animal skin       |    53 |       |       ||    53
         Ring mail         |    15 |   130 |       ||   145
         Storm dragon scal |       |    59 |   172 ||   231
  Dodge: Dodged            |    76 |   126 |    73 ||   275
  Block: Kite shield       |       |       |    24 ||    24

Table legend: (Time is in decaauts)
 A = Elapsed time spent in this place.
 B = Non-inter-level travel time spent in this place.
 C = Inter-level travel time spent in this place.
 D = Time resting spent in this place.
 E = Time spent auto-exploring this place.
 F = Levels seen in this place.
 G = Mean time per level.
                   A        B        C        D        E       F      G
               +--------+--------+--------+--------+--------+-----+--------+
         Total |   6462 |   6335 |    127 |    678 |   4004 |   7 |  923.1 |
       Dungeon |   6245 |   6118 |    127 |    678 |   3984 |   6 | 1040.8 |
         Sewer |    217 |    217 |      0 |      0 |     20 |   1 |  217.0 |
               +--------+--------+--------+--------+--------+-----+--------+

Top non-repeatable levels by time:
     D:4: 1606 daAuts
     D:3: 1285 daAuts
     D:5: 1039 daAuts
     D:1: 933 daAuts
     D:2: 922 daAuts
     D:6: 458 daAuts
   Sewer: 217 daAuts
